 Dungeon Crawl Stone Soup version 0.27.1-33-g824d729ab1 (webtiles) character file.

Game seed: 6695827567177116785

185 corgi the Skirmisher (level 5, 0/42 HPs)
             Began as a Hill Orc Abyssal Knight on Dec 8, 2021.
             Was a Believer of Lugonu.
             Slain by Sigmund (1 damage)
             ... on level 4 of the Dungeon.
             The game lasted 00:10:25 (4300 turns).

corgi the Skirmisher (Hill Orc Abyssal Knight)      Turns: 4300, Time: 00:10:26

Health: 0/42       AC: 12    Str: 16    XL:     5   Next: 64%
Magic:  7/7        EV:  7    Int: 12    God:    Lugonu [**....]
Gold:   270        SH:  0    Dex:  8    Spells: 4/4 levels left

rFire    + . .     SeeInvis .   a - +2 falchion
rCold    . . .     Faith    .   (no shield)
rNeg     . . .     Spirit   .   i - +1 chain mail {rF+}
rPois    .         Reflect  .   k - +0 helmet
rElec    .         Harm     .   g - +0 cloak
rCorr    .         Rampage  .   (no gloves)
Will     .....                  (no boots)
Stlth    ..........             (no amulet)
HPRegen  0.14/turn              (no ring)
MPRegen  0.10/turn              (no ring)

@: no status effects
A: clumsy 1, frail 1, wild magic 1
a: Renounce Religion, Depart the Abyss, Bend Space


You were on level 4 of the Dungeon.
You worshipped Lugonu.
Lugonu was pleased with you.
You visited 1 branch of the dungeon, and saw 4 of its levels.
You visited the Abyss 1 time.

You collected 270 gold pieces.

Inventory:

Hand Weapons
 a - a +2 falchion (weapon)
Armour
 b - a +0 leather armour
 g - a +0 cloak (worn)
 h - a +0 ring mail
 i - a +1 chain mail of fire resistance (worn)
 k - a +0 helmet (worn)
Jewellery
 e - a ring of positive energy
Wands
 c - a wand of digging (8)
 d - a wand of mindburst (16)
Scrolls
 f - 2 scrolls of identify
Potions
 j - a potion of haste
 l - a potion of curing
 p - a potion of flight


   Skills:
 + Level 4.6 Fighting
 + Level 3.3 Long Blades
 + Level 3.3 Armour
 + Level 2.0 Dodging
 + Level 3.9 Invocations


You had 4 spell levels left.
You didn't know any spells.
Your spell library contained the following spells:

 Spells                   Type           Power      Damage    Failure   Level
 Animate Skeleton         Necr           0%         N/A       100%        1
 Apportation              Tloc           0%         N/A       100%        1
 Corona                   Hex            0%         N/A       100%        1
 Summon Small Mammal      Summ           0%         N/A       100%        1
 Gell's Gravitas          Tloc           0%         N/A       100%        3
 Lesser Beckoning         Tloc           0%         N/A       100%        3
 Teleport Other           Tloc           0%         N/A       100%        3


Dungeon Overview and Level Annotations

Branches:
Dungeon (4/15)
 Temple: D:4-7

Altars:
Qazlal
Ru
Wu Jian

Shops:
D:3 =

Annotations:
D:4 Sigmund


Innate Abilities, Weirdness & Mutations

You are clumsy. (Dex -2)
You are frail. (-10% HP)
Your spells are a little harder to cast, but a little more powerful.


Message History

Sigmund flickers and vanishes!
Deactivating autopickup; reactivate with Ctrl-A.
No target in view!
No target in view!
No target in view!
You closely miss something. Something hits you. Something burns you.
You barely miss something. You closely miss something. Something hits you.
You miss something. Something hits you.
You hit something. Something hits you.
You hit something. You slash something! Something completely misses you.
You barely miss something. Something hits you!
* * * LOW HITPOINT WARNING * * *
Something burns you.
* * * LOW HITPOINT WARNING * * *
You closely miss something.
You hear some strange, mumbled words.
You are confused.
You miss something.
You hear some strange, mumbled words.
You are more confused.
You miss something. Something completely misses you.
Something hits you but does no damage.
You completely miss something. Something hits you but does no damage.
Okay, then.
Something hits you.
* * * LOW HITPOINT WARNING * * *
There is a stone staircase leading up here.
Something hits you but does no damage.
You're too confused to move!
Something hits you.
* * * LOW HITPOINT WARNING * * *
You bump into the rock wall.
You bump into the rock wall.
You feel less confused. Something hits you but does no damage.
Something hits you.
* * * LOW HITPOINT WARNING * * *
Something burns you.
You die...

######
###........
###............
#...............
##...............
#................
#@...............
##...............
###.............
###...........
###.........
####...... #..##
##


There were no monsters in sight!

Vanquished Creatures
  Ijyb (D:3)
  Natasha (twice) (D:3)
  5 adders
  A worm (D:2)
  4 dart slugs
  An orc (D:3)
  7 endoplasms
  5 giant cockroaches
  8 goblins
  3 hobgoblins
  2 jackals (D:2)
  A quokka (D:1)
  A ball python (D:1)
  4 bats
  3 frilled lizards
  A kobold (D:1)
  8 rats
57 creatures vanquished.

Notes
Turn   | Place    | Note
-------+----------+-------------------------------------------
     0 | Abyss:1  | corgi the Hill Orc Abyssal Knight began the quest for the
                  | Orb.
     0 | Abyss:1  | Reached XP level 1. HP: 19/19 MP: 2/2
   141 | Abyss:1  | Noticed an apocalypse crab
   166 | Abyss:2  | Noticed a raiju
   168 | D:1      | Escaped the Abyss
   319 | D:1      | Reached * piety under Lugonu
   582 | D:1      | Reached skill level 1 in Dodging
   582 | D:1      | Reached XP level 2. HP: 22/27 MP: 3/3
  1350 | D:2      | Reached XP level 3. HP: 31/33 MP: 5/5
  1360 | D:2      | Reached skill level 4 in Fighting
  1882 | D:2      | Reached XP level 4. HP: 40/40 MP: 6/6
  2449 | D:3      | Gained mutation: You are frail. (-10% HP) [potion of
                  | mutation]
  2449 | D:3      | Gained mutation: You are clumsy. (Dex -2) [potion of
                  | mutation]
  2449 | D:3      | Gained mutation: Your spells are a little harder to cast,
                  | but a little more powerful. [potion of mutation]
  2536 | D:3      | Found a sacrificial altar of Ru.
  2605 | D:3      | Reached ** piety under Lugonu
  2800 | D:3      | Found a stormy altar of Qazlal.
  2839 | D:3      | Found an ornate altar of the Wu Jian Council.
  3086 | D:3      | Found Jacupty's Jewellery Boutique.
  3472 | D:3      | Noticed Natasha
  3487 | D:3      | Killed Natasha
  3488 | D:3      | Reached XP level 5. HP: 29/42 MP: 7/7
  3594 | D:3      | Noticed Ijyb
  3617 | D:3      | Killed Ijyb
  3864 | D:3      | Noticed Natasha
  4093 | D:3      | Killed Natasha
  4154 | D:4      | Noticed Sigmund
  4300 | D:4      | HP: 1/42 [something (5)]
  4300 | D:4      | Slain by Sigmund

Illustrated notes

Levels and vault maps discovered:
D:1:      nzn_arrival_depleted_hourglass, layout_basic, minmay_pentomino_p4
D:2:      layout_rooms, minmay_rat_gold_closets
D:3:      layout_loops_corners, pdpol_wu_jian_five_deadly_venoms,
          nicolae_ru_sacrificial_ziggurat, mainiacjoe_overflow_alcove_1,
          serial_shops, nicolae_shop_competitors_out_of_business, uniq_ijyb,
          uniq_natasha
D:4:      layout_cave_pods, amcnicky_altar_gilded, biasface_ghost_orc_armoury,
          uniq_sigmund, uniq_duvessa

Skill      XL: |  1  2  3  4  5 |
---------------+----------------+-----
Dodging        | 1 2 |  2.0
Fighting       | 4 |  4.6
Invocations    | 3 |  3.9
Long Blades    | 3 |  3.3
Armour         | 3 |  3.3

Action                   |  1- 3 |  4- 6 || total
-------------------------+-------+-------++-------
Melee: Falchion          |   101 |   134 ||   235
Invok: Depart the Abyss  |     1 |       ||     1
       Bend Space        |       |     1 ||     1
  Use: Scroll            |       |     7 ||     7
       Potion            |       |     5 ||     5
Armor: Leather armour    |    14 |       ||    14
       Ring mail         |    28 |    30 ||    58
       Chain mail        |       |    32 ||    32
Dodge: Dodged            |    68 |    61 ||   129
       Rpst.: Falchion   |    17 |    17 ||    34
